AoeStats
← ElNonan

Black Forest

505111875Analyzed
3v3 RM · 23d ago on Sep 7, 2026· 28m 10s· 6 players
Game mode
Random Map
Map size
Normal (6 player)
Population
200
Speed
Normal
Resources
Standard
Victory
Conquest
Starting age
Dark Age
Ending age
Imperial Age
RankedLock teamsTeams togetherTeam positionsShared explorationLock speedFull tech treeHidden civsTurbo modeCheats
Victory
Defeat
🇵🇪 Khmer · Peru
1068
+13
🇺🇸 Britons · United States
1014
+15
🇹🇷 Sicilians · Türkiye
1004
+15
🇺🇸 Ethiopians · United States
1055
-17
🇺🇸 Italians · United States
955
-39
🇺🇸 Japanese · United States
955
-39
Governator01
0:27 Loom
13:14 Feudal Age
13:40 Horse Collar
13:59 Double-Bit Axe
16:22 Wheelbarrow
25:34 Castle Age
24:34 Fletching
24:45 Padded Archer Armor
26:00 Forging
25:50 Scale Mail Armor
27:07 Hand Cart
27:25 Bow Saw
27:58 Ballistics
27:20 Treadmill Crane
27:52 Fortified Wall
27:52 Masonry
Mumei
0:32 Loom
11:50 Feudal Age
12:40 Double-Bit Axe
18:33 Wheelbarrow
29:09 Castle Age
27:27 Arson
27:48 Scale Mail Armor
ElNonan
7:57 Loom
11:41 Feudal Age
12:33 Double-Bit Axe
14:08 Horse Collar
17:04 Castle Age
15:46 Stone Mining
18:33 Bow Saw
21:54 Wheelbarrow
24:39 Gold Mining
24:17 Light Cavalry
25:25 Fletching
26:28 Scale Barding Armor
28:46 Chain Barding Armor
BLOO
2:04 Loom
16:33 Feudal Age
17:04 Double-Bit Axe
24:07 Castle Age
22:55 Fletching
Kempri
22:25 Feudal Age
23:49 Loom
Smitty
1:24 Loom
Connection lost

Rejoining the realm…

Still unreachable

The connection could not be restored.

Session expired

The server has moved on; the page needs a fresh start.